 Dungeon Crawl Stone Soup version 0.28.0 (webtiles) character file.

Game seed: 4849688620511471341

924 fragbeetle the Cleaver (level 7, -2/55 (57) HPs)
             Began as a Minotaur Monk on Feb 18, 2022.
             Was a Priest of Wu Jian.
             Slain by a bullfrog (5 damage)
             ... on level 8 of the Dungeon.
             The game lasted 00:09:00 (5650 turns).

fragbeetle the Cleaver (Minotaur Monk)              Turns: 5650, Time: 00:09:00

HP:   -2/55 (57)    AC:  9    Str: 17    XL:     7   Next: 84%
MP:   6/6           EV: 10    Int:  7    God:    Wu Jian [***...]
Gold: 247           SH:  0    Dex: 13    Spells: 6/6 levels left

rFire   . . .      SeeInvis .   u - +0 war axe
rCold   . . .      Faith    .   (no shield)
rNeg    . . .      Spirit   .   e - +0 scale mail
rPois   .          Reflect  .   (helmet restricted)
rElec   .          Harm     .   (no cloak)
rCorr   .          Rampage  .   x - +2 pair of gloves
Will    .....                   (no boots)
Stlth   ..........              (no amulet)
HPRegen 0.18/turn               (no ring)
MPRegen 0.10/turn               (no ring)

@: lightly drained
A: horns 2, retaliatory headbutt
a: Renounce Religion, Wall Jump, Serpent's Lash


You were on level 8 of the Dungeon.
You worshipped Wu Jian.
Wu Jian was most pleased with you.
You visited 2 branches of the dungeon, and saw 7 of its levels.

You collected 247 gold pieces.

Inventory:

Hand Weapons
 a - a +0 hand axe
 s - a +0 short sword of speed
 u - a +0 war axe (weapon)
 v - a +0 flail of protection
Missiles
 i - 63 arrows
 n - 15 sling bullets
Armour
 e - a +0 scale mail (worn)
 x - a +2 pair of gloves (worn)
Jewellery
 q - an amulet of magic regeneration
 w - an amulet of guardian spirit
Wands
 j - a wand of flame (6)
Scrolls
 b - 3 scrolls of identify
 d - 2 scrolls of fear {unknown}
 g - 3 scrolls of teleportation
 l - a scroll of summoning {unknown}
 m - a scroll of amnesia {unknown}
 o - a scroll of magic mapping {unknown}
 p - 2 scrolls of enchant weapon {unknown}
 r - a scroll of noise {unknown}
 t - 2 scrolls of vulnerability {unknown}
 y - a scroll of enchant armour {unknown}
Potions
 f - a potion of cancellation {unknown}
 h - a potion of might {unknown}
 k - 2 potions of mutation {unknown}


   Skills:
 - Level 3.6 Fighting
 * Level 11.3 Axes
 - Level 3.2 Dodging
 - Level 1.5 Stealth


You had 6 spell levels left.
You didn't know any spells.
Your spell library contained the following spells:

 Spells                   Type           Power      Damage    Failure   Level
 Magic Dart               Conj           0%         1d3       86%         1
 Searing Ray              Conj           0%         2d4       95%         2
 Call Canine Familiar     Summ           0%         N/A       99%         3
 Ignite Poison            Fire/Tmut/Pois 0%         N/A       99%         3
 Mephitic Cloud           Conj/Pois/Air  0%         N/A       99%         3
 Portal Projectile        Hex/Tloc       0%         N/A       99%         3
 Fulminant Prism          Conj/Hex       0%         3d6       100%        4
 Leda's Liquefaction      Hex/Erth       0%         N/A       100%        4
 Freezing Cloud           Conj/Ice/Air   0%         6-21      100%        5
 Summon Forest            Summ/Tloc      0%         N/A       100%        5
 Eringya's Noxious Bog    Tmut/Pois      0%         N/A       100%        6
 Summon Hydra             Summ           0%         N/A       100%        7


Dungeon Overview and Level Annotations

Branches:
Dungeon (5/15)             Temple (1/1) D:5

Altars:
Ashenzari
Cheibriados
Dithmenos
Elyvilon
Fedhas
Gozag
Hepliaklqana
Kikubaaqudgha
Makhleb
Nemelex Xobeh
Okawaru
Qazlal
Ru
Sif Muna
Trog
Uskayaw
Vehumet
Wu Jian
Xom
Yredelemnul
Zin
The Shining One

Shops:
D:8 =

Annotations:
D:4 exclusion: oklob plant


Innate Abilities, Weirdness & Mutations

You have a pair of horns on your head.
You reflexively headbutt those who attack you in melee.


Message History

The lava snake spits lava at you. The glob of lava misses you.
Unknown command.
You spin and attack the wight.
You closely miss the wight. The wight closely misses you.
You furiously retaliate!
You headbutt the wight, but do no damage.
Your surroundings suddenly seem different.
A bullfrog comes into view.
Found a scroll of identify.
The bullfrog gives a loud, deep croak!
A killer bee zombie comes into view.
Found a club.
The bullfrog hits you. The killer bee zombie hits you.
Unknown command.
Aiming: Wall Jump
Press: ? - help, Dir - move target You repeatedly attack the killer bee zombie from above.
You barely miss the killer bee zombie. You closely miss the killer bee zombie.
You headbutt the killer bee zombie.
Your punch misses the killer bee zombie.
The killer bee zombie is lightly damaged.
The killer bee zombie hits you.
The bullfrog hits you but does no damage.
The bullfrog hits you.
* * * LOW HITPOINT WARNING * * *
You see here a scroll of identify.
Unknown command.
You closely miss the killer bee zombie. You headbutt the killer bee zombie.
The killer bee zombie is moderately damaged.
You barely miss the bullfrog. The killer bee zombie hits you.
* * * LOW HITPOINT WARNING * * *
The bullfrog barely misses you.
The killer bee zombie hits you but does no damage.
Unknown command.
You hit the bullfrog.
The bullfrog is moderately wounded.
You barely miss the killer bee zombie. The killer bee zombie hits you.
* * * LOW HITPOINT WARNING * * *
The bullfrog hits you.
You die...

.≈.≈≈§ .≈.≈§≈
.....#.....
.§§§.. ≈
#.........
.≈.§≈≈≈ ≈)#
#...... .
.≈...§.
§..###. ...
.## . §§≈§§≈≈
.....
..##..#.#
....§..
#...##......#
§≈§§§≈§
#...°.......##
...§...
#..@Z........
.#.....
##°.F...##...
.......
##.#...#
#...##.
###...# ##..#
#..## ....
#.## .... ..#
#.. ... . ...


You could see a bullfrog and a killer bee zombie.

Vanquished Creatures
  Edmund (D:4)
  2 ogres
  A necrophage (D:4)
  2 scorpions (D:4)
  A jelly (D:5)
  2 orc priests (D:5)
  A centaur skeleton (D:5)
  A hound (D:5)
  A hound zombie (D:5)
  A howler monkey skeleton (D:4)
  6 adders
  11 gnolls
  An adder skeleton (D:4)
  A worm (D:4)
  4 dart slugs
  5 orcs
  6 bats
  3 endoplasms
  4 giant cockroaches
  12 goblins
  7 hobgoblins
  12 jackals
  7 quokkas
  9 ball pythons
  4 frilled lizards
  6 kobolds
  A quokka skeleton (D:4)
  6 rats
118 creatures vanquished.

Vanquished Creatures (others)
  2 fungi (D:1)
  2 plants (D:1)
4 creatures vanquished.

Grand Total: 122 creatures vanquished

Notes
Turn   | Place    | Note
-------+----------+-------------------------------------------
     0 | D:1      | fragbeetle the Minotaur Monk began the quest for the Orb.
     0 | D:1      | Reached XP level 1. HP: 19/19 MP: 0/0
   187 | D:1      | Found a faded altar of an unknown god.
   191 | D:1      | Reached skill level 4 in Axes
   249 | D:1      | Reached XP level 2. HP: 24/26 MP: 1/1
   682 | D:1      | Reached skill level 5 in Axes
   742 | D:1      | Reached XP level 3. HP: 31/31 MP: 2/2
   941 | D:2      | Found an ornate altar of the Wu Jian Council.
  1124 | D:2      | Became a worshipper of the Wu Jian Council
  1124 | D:2      | Reached * piety under Wu Jian
  1124 | D:2      | Reached ** piety under Wu Jian
  1273 | D:2      | Reached XP level 4. HP: 39/39 MP: 3/3
  1274 | D:2      | Reached skill level 6 in Axes
  2329 | D:3      | Reached skill level 7 in Axes
  2329 | D:3      | Reached XP level 5. HP: 36/45 MP: 4/4
  3051 | D:4      | Reached *** piety under Wu Jian
  3329 | D:4      | Noticed a necrophage
  3348 | D:4      | Killed a necrophage
  3349 | D:4      | Reached skill level 8 in Axes
  3349 | D:4      | Reached XP level 6. HP: 43/51 MP: 5/5
  3724 | D:4      | Reached skill level 9 in Axes
  4066 | D:4      | Noticed Edmund
  4091 | D:4      | Killed Edmund
  4092 | D:4      | Reached XP level 7. HP: 10/57 MP: 6/6
  4363 | D:4      | Reached skill level 10 in Axes
  4619 | D:4      | Found a blossoming altar of Fedhas.
  4635 | D:4      | Noticed an oklob plant
  5009 | D:5      | Entered Level 5 of the Dungeon
  5069 | D:5      | Found a staircase to the Ecumenical Temple.
  5091 | Temple   | Entered the Ecumenical Temple
  5335 | D:5      | Reached skill level 11 in Axes
  5515 | D:5      | Found a shadowy altar of Dithmenos.
  5630 | D:5      | You fall into a shaft and drop 3 floors!
  5634 | D:8      | Found Vuleyl's Jewellery Emporium.
  5650 | D:8      | Slain by a bullfrog

Illustrated notes

Levels and vault maps discovered:
D:1:      co_arrival_square_in_a_square_in_a_square, layout_loops_ring,
          shapermc_ecumenical_altar_mp_ritualfount
D:2:      minmay_chambers_of_twos, layout_loops_cross, basic_altar,
          guppyfry_early_orc_mine
D:3:      layout_loops_cross
D:4:      layout_loops_cross, tgw_fedhas, uniq_edmund
D:5:      layout_basic, grunt_dithmenos_smoke_and_mirrors,
          minmay_temple_entry_purple_smoke, kennysheep_generic_room_3
D:8:      layout_cave_pools, serial_shops, nicolae_inconvenience_store,
          uniq_psyche
Temple:   regret_index_temple_chain_breaker

Skill      XL: |  1  2  3  4  5  6  7 |
---------------+----------------------+-----
Axes           | 4 5 7 8 9 11 | 11.3
Fighting       | |  3.6
Dodging        | |  3.2
Stealth        | |  1.5

Action                   |  1- 3 |  4- 6 |  7- 9 || total
-------------------------+-------+-------+-------++-------
Melee: Hand axe          |   133 |   183 |       ||   316
       Headbutt          |    14 |    34 |    16 ||    64
       Punch             |       |     4 |     2 ||     6
       Flail             |       |       |    49 ||    49
       War axe           |       |       |    15 ||    15
Invok: Lunge             |       |    14 |     3 ||    17
       Serpent's Lash    |       |     1 |       ||     1
       Whirlwind         |       |       |     3 ||     3
 Abil: Wall Jump         |       |     5 |     2 ||     7
Evoke: Wand              |       |       |     4 ||     4
  Use: Potion            |       |     1 |     1 ||     2
       Scroll            |       |       |     2 ||     2
Armor: Scale mail        |    49 |    46 |    24 ||   119
Dodge: Dodged            |    69 |    79 |    24 ||   172
